 Dungeon Crawl Stone Soup version 0.31-a0-277-g31ea1f6 (webtiles) character file.

Game seed: 8997000310481525138

626 Dawnplanks the Magician (level 7, -8/36 HPs)
             Began as a Deep Elf Fire Elementalist on July 15, 2023.
             Killed by divine providence
             ... invoked by an orc priest
              (12 damage)
             ... on level 4 of the Dungeon.
             The game lasted 00:05:04 (4295 turns).

Dawnplanks the Magician (DEFE)                      Turns: 4295, Time: 00:05:04

Health: -8/36      AC:  2    Str:  9    XL:     7   Next: 23%
Magic:  5/19       EV: 12    Int: 24    God:
Gold:   119        SH:  0    Dex: 15    Spells: 11/20 levels left

rFire   . . .        l - +7 spear of Qonniown {drain, Str+4 Int+2}
rCold   . . .        (no shield)
rNeg    . . .        a - +0 robe
rPois   .            (no helmet)
rElec   .            (no cloak)
rCorr   .            (no gloves)
SInv    .            (no boots)
Will    .....        (no amulet)
Stlth   ++           (no ring)
HPRegen 0.26/turn    (no ring)
MPRegen 0.16/turn

%: no passive effects
@: no status effects
A: no striking features
a: no special abilities


You were on level 4 of the Dungeon.
You visited 1 branch of the dungeon, and saw 4 of its levels.

You collected 119 gold pieces.

Inventory:

Hand Weapons
 g - a +1 whip of electrocution
 l - the +7 spear of Qonniown (weapon) {drain, Str+4 Int+2}
   (You found it on level 3 of the Dungeon)

   Str:       It affects your strength (+4).
   Int:       It affects your intelligence (+2).
Armour
 a - a +0 robe (worn)
Wands
 i - a wand of flame (11)
Scrolls
 h - 2 scrolls of acquirement {unknown}
 j - a scroll of immolation {unknown}
 k - a scroll of vulnerability {unknown}
 o - a scroll of fear {unknown}
Potions
 b - 2 potions of magic
 c - a potion of heal wounds {unknown}
 d - a potion of haste {unknown}
 f - a potion of lignification {unknown}
 m - a potion of brilliance {unknown}
 n - a potion of mutation {unknown}


   Skills:
 + Level 0.1 Fighting
 + Level 2.6 Dodging
 + Level 3.0 Stealth
 + Level 7.0 Spellcasting
 + Level 4.2 Conjurations
 + Level 5.8 Fire Magic


You had 11 spell levels left.
You knew the following spells:

 Your Spells              Type           Power      Damage    Failure   Level
a - Foxfire               Conj/Fire      100%       2x1d9     1%          1
b - Scorch                Fire           72%        2d8       1%          2
c - Inner Flame           Hex/Fire       22%        N/A       6%          3
d - Volatile Blastmotes   Fire/Tloc      44%        2d13      6%          3

Your spell library contained the following spells:

 Spells                   Type           Power      Damage    Failure   Level
 Flame Wave               Conj/Fire      32%        2d9       9%          4
 Ensorcelled Hibernation  Hex/Ice        16%        N/A       11%         2
 Passwall                 Tmut/Erth      6%         N/A       11%         2
 Swiftness                Air            8%         N/A       22%         3
 Summon Cactus Giant      Summ           4%         N/A       100%        6


Dungeon Overview and Level Annotations

Branches:
Dungeon (4/15)
 Temple: D:4-7

Altars:


Message History

The foxfire hits the adder.
The adder is almost dead.
The adder bites you.
The orc hits you from afar with a +2 heavy trident!
* * * LOW HITPOINT WARNING * * *
The adder barely misses you.
Casting: Foxfire (safe; 1% risk of failure)
Confirm with . or Enter, or press ? or * to list all spells.
You conjure some foxfire!
The adder completely misses you.
Casting: Foxfire (safe; 1% risk of failure)
Confirm with . or Enter, or press ? or * to list all spells.
You conjure some foxfire!
The foxfire hits the adder.
The adder is almost dead.
The foxfire hits the orc.
The orc is almost dead.
The adder bites you but does no damage. The orc barely misses you.
The orc hits you with a +0 club.
* * * LOW HITPOINT WARNING * * *
Your magical contamination has completely faded away.
Casting: Foxfire (safe; 1% risk of failure)
Confirm with . or Enter, or press ? or * to list all spells.
You conjure some foxfire!
The foxfire hits the adder!
You kill the adder!
The foxfire hits the orc.
You kill the orc!
The foxfire hits the orc priest but does no damage.
The orc misses you.
Casting: Foxfire (safe; 1% risk of failure)
Confirm with . or Enter, or press ? or * to list all spells.
You conjure some foxfire!
The foxfire hits the orc but does no damage.
Casting: Foxfire (safe; 1% risk of failure)
Confirm with . or Enter, or press ? or * to list all spells.
You conjure some foxfire!
The foxfire hits the orc priest but does no damage.
The foxfire hits the orc!
You kill the orc!
The orc priest mumbles some strange prayers to Beogh against you.
Beogh smites you!
You die...

## #....#.. #.). ...
#...... #... #... #....#
#..) .... #....# #...
#..#..#....+ #...
#.....'†...# #...
...(.##....#############...
#.# ##))o.....>........##
#..@v.............#.
#.§§v.............#.
+.................#'
#.....########......
........# #...#......
....###### #...#...... ###.
#######.#...... ##
#.....#.##'###'
#.....#.......†


You could see an orc priest (inner flame, ally target).

Vanquished Creatures
  A centaur (D:3)
  Blork the orc (D:4)
  3 scorpions
  A hound (D:4)
  2 orc wizards (D:4)
  8 gnolls
  7 adders
  3 worms
  2 dart slugs
  13 orcs (D:4)
  6 ball pythons
  4 bats
  6 endoplasms
  2 giant cockroaches (D:3)
  2 goblins
  6 hobgoblins
  2 kobolds
  4 quokkas
  3 frilled lizards
  3 rats (D:3)
79 creatures vanquished.

Vanquished Creatures (others)
  501 foxfires
501 creatures vanquished.

Grand Total: 580 creatures vanquished

Notes
Turn   | Place    | Note
-------+----------+-------------------------------------------
     0 | D:1      | Dawnplanks the Deep Elf Fire Elementalist began the quest
                  | for the Orb.
     0 | D:1      | Reached XP level 1. HP: 10/10 MP: 6/6
   495 | D:1      | Reached XP level 2. HP: 15/15 MP: 4/8
  1285 | D:2      | Reached XP level 3. HP: 19/19 MP: 2/9
  1739 | D:2      | Learned a level 2 spell: Scorch
  1807 | D:2      | Reached skill level 4 in Spellcasting
  1807 | D:2      | Reached XP level 4. HP: 19/24 MP: 6/12
  2131 | D:2      | Learned a level 3 spell: Inner Flame
  2135 | D:2      | Learned a level 3 spell: Volatile Blastmotes
  2460 | D:3      | Noticed a centaur
  2464 | D:3      | Killed a centaur
  2465 | D:3      | Reached XP level 5. HP: 28/28 MP: 3/14
  2611 | D:3      | Reached skill level 5 in Spellcasting
  2611 | D:3      | Reached skill level 5 in Fire Magic
  2962 | D:3      | Reached XP level 6. HP: 32/32 MP: 11/16
  3056 | D:3      | Identified the +7 spear of Qonniown {drain, Str+4 Int+2}
  3527 | D:4      | Reached skill level 6 in Spellcasting
  3991 | D:4      | Noticed Blork the orc
  3999 | D:4      | Killed Blork the orc
  4000 | D:4      | Reached XP level 7. HP: 31/36 MP: 11/19
  4147 | D:4      | Reached skill level 7 in Spellcasting
  4295 | D:4      | Killed from afar by an orc priest

Illustrated notes

Levels and vault maps discovered:
D:1:      evilmike_arrival_rings, layout_rooms
D:2:      layout_loops_ring
D:3:      layout_loops_ring
D:4:      layout_gridville, mainiacjoe_overflow_brackets, vehumet_crystals,
          hangedman_abyss_or_decor_passed, skrybe_limestone_x, st_stairs_10,
          uniq_blork_the_orc

Skill      XL: |  1  2  3  4  5  6  7 |
---------------+----------------------+-----
Fire Magic     | 4 5 |  5.8
Conjurations   | 2 3 4 |  4.2
Spellcasting   | 4 5 6 7 |  7.0
Stealth        | 3 |  3.0
Fighting       | |  0.1
Dodging        | |  2.6

Action                     |  1- 3 |  4- 6 |  7- 9 || total
---------------------------+-------+-------+-------++-------
  Melee: Unarmed           |       |     1 |       ||     1
         Whip              |       |     1 |       ||     1
         Spear             |       |     1 |       ||     1
   Cast: Foxfire           |   125 |   144 |    29 ||   298
         Scorch            |       |     1 |       ||     1
         Inner Flame       |       |       |     1 ||     1
         Volatile Blastmot |       |       |     1 ||     1
    Use: Potion            |       |       |     1 ||     1
   Stab: Sleeping          |       |     1 |       ||     1
 Armour: Robe              |     1 |       |     1 ||     2
  Dodge: Dodged            |     1 |     8 |     7 ||    16

Table legend: (Time is in decaauts)
 A = Elapsed time spent in this place.
 B = Non-inter-level travel time spent in this place.
 C = Inter-level travel time spent in this place.
 D = Time resting spent in this place.
 E = Time spent auto-exploring this place.
 F = Levels seen in this place.
 G = Mean time per level.
                   A        B        C        D        E       F      G
               +--------+--------+--------+--------+--------+-----+--------+
         Total |   4293 |   4215 |     78 |      0 |   3719 |   4 | 1073.2 |
       Dungeon |   4293 |   4215 |     78 |      0 |   3719 |   4 | 1073.2 |
               +--------+--------+--------+--------+--------+-----+--------+

Top non-repeatable levels by time:
     D:2: 1373 daAuts
     D:1: 1075 daAuts
     D:4: 954 daAuts
     D:3: 890 daAuts
